 Dungeon Sprint DCSS version 0.23-a0-767-gdc19b93d68 (webtiles) character file.

940 Denreik the Fighter (level 8, -14/82 HPs)
             Began as a Formicid Fighter on Jan 21, 2019.
             Demolished by a tyrant leech (15 damage)
             ... in the Dungeon (Sprint II: "The Violet Keep of Menkaure").
             The game lasted 00:02:01 (508 turns).

Denreik the Fighter (Formicid Fighter)               Turns: 508, Time: 00:02:02

Health: -14/82     AC:  3    Str: 26    XL:     8   Next: 34%
Magic:  8/8        EV: 10    Int:  6    God:
Gold:   729        SH: 13    Dex: 10    Spells: 7/7 levels left

rFire    . . .     SeeInvis +   a - +0 quarterstaff
rCold    . . .     Gourm    .   c - +0 shield
rNeg     . . .     Faith    .   b - +0 scale mail
rPois    .         Spirit   .   (helmet unavailable)
rElec    .         Reflect  .   (no cloak)
rCorr    .         Harm     .   (no gloves)
MR       .....                  (no boots)
Stlth    ..........             (no amulet)
HPRegen  0.23/turn              (no ring)
MPRegen  0.11/turn              (no ring)

@: mighty
A: permanent stasis, dig shafts and tunnels, four strong arms, antennae 3,
deformed body, dopey 1, screaming 1, weak 1
a: Dig


You were in the Dungeon.
You were not hungry.

You visited 1 branch You collected 729 gold pieces.

Inventory:

Hand Weapons
 a - a +0 quarterstaff (weapon)
Armour
 b - a +0 scale mail (worn)
 c - a +0 shield (worn)
Scrolls
 k - a scroll of blinking
Potions
 e - a potion of curing
 h - a potion of haste
 i - 2 potions of magic
 j - a potion of berserk rage
Comestibles
 f - a ration


   Skills:
 - Level 14.3 Fighting
 - Level 2.0 Staves
 - Level 3.2 Armour
 * Level 13.0 Shields


You had 7 spell levels left.
You didn't know any spells.
Your spell library was empty.

Dungeon Overview and Level Annotations

Branches:
Dungeon (1/1)

Altars:


Innate Abilities, Weirdness & Mutations

You cannot be hasted, slowed, berserked, paralysed or teleported.
You can dig through walls and to a lower floor.
Your four strong arms can wield two-handed weapons with a shield.
You have a pair of large antennae on your head. (SInv)
Armour fits poorly on your strangely shaped body.
You are dopey. (Int -2)
You occasionally shout uncontrollably at your foes.
You are weak. (Str -2)


Message History

The tyrant leech draws strength from your injuries!
You barely miss the tyrant leech.
The tyrant leech is lightly wounded.
The tyrant leech bites you but does no damage.
You miss the tyrant leech.
The tyrant leech is lightly wounded.
You block the tyrant leech's attack.
You hit the tyrant leech.
The tyrant leech is lightly wounded.
The tyrant leech closely misses you.
You closely miss the tyrant leech.
The tyrant leech is lightly wounded.
The tyrant leech closely misses you.
You closely miss the tyrant leech.
The tyrant leech is lightly wounded.
The tyrant leech bites you!!
* * * LOW HITPOINT WARNING * * *
The tyrant leech draws strength from your injuries!
You closely miss the tyrant leech. The tyrant leech bites you!
You die...

{ {##+##
##...##
#..#..#
####.).## #
#.###'## .##
#..##.##w..#
#.'.<@w#
#.##.##...#
#.###'## .##
####.#.## #
#..#..#
###.### {
#+#


You could see 2 tyrant leeches.

Vanquished Creatures
  A merfolk siren (D)
  4 neqoxecs (D)
  4 worker ants (D)
9 creatures vanquished.

Vanquished Creatures (others)
  A crocodile (D)
1 creature vanquished.

Grand Total: 10 creatures vanquished

Notes
Turn   | Place    | Note
-------+----------+-------------------------------------------
     0 | D        | Denreik the Formicid Fighter began the quest for the Orb.
     0 | D        | Reached XP level 1. HP: 18/18 MP: 1/1
     2 | D        | Noticed a worker ant
     2 | D        | Noticed a worker ant
     2 | D        | Noticed a worker ant
     2 | D        | Noticed a worker ant
     7 | D        | Killed a worker ant
     7 | D        | Reached skill level 7 in Fighting
     7 | D        | Reached XP level 2. HP: 30/31 MP: 2/2
     7 | D        | Reached XP level 3. HP: 34/36 MP: 3/3
    11 | D        | Reached skill level 8 in Fighting
    11 | D        | Reached XP level 4. HP: 41/45 MP: 4/4
    21 | D        | Reached skill level 5 in Shields
    70 | D        | Killed a crocodile
   328 | D        | Noticed a merfolk siren
   344 | D        | Killed a merfolk siren
   344 | D        | Reached skill level 14 in Fighting
   344 | D        | Reached XP level 5. HP: 42/62 MP: 5/5
   344 | D        | Reached XP level 6. HP: 46/69 MP: 6/6
   344 | D        | Reached XP level 7. HP: 51/75 MP: 7/7
   456 | D        | Noticed a neqoxec
   456 | D        | Noticed a neqoxec
   456 | D        | Noticed a neqoxec
   456 | D        | Noticed a neqoxec
   459 | D        | Gained mutation: You occasionally shout uncontrollably at
                  | your foes. [a neqoxec]
   467 | D        | Killed a neqoxec
   468 | D        | Gained mutation: Armour fits poorly on your strangely
                  | shaped body. [a neqoxec]
   474 | D        | Killed a neqoxec
   477 | D        | Gained mutation: You are weak. (Str -2) [a neqoxec]
   480 | D        | Killed a neqoxec
   480 | D        | Reached XP level 8. HP: 49/82 MP: 8/8
   485 | D        | Gained mutation: You are dopey. (Int -2) [a neqoxec]
   498 | D        | Noticed a tyrant leech
   498 | D        | Noticed a tyrant leech
   507 | D        | HP: 1/82 [tyrant leech (23)]
   508 | D        | Demolished by a tyrant leech

Vault maps used:
D:        the_violet_keep_of_menkaure

Skill      XL: |  1  2  3  4  5  6  7  8 |
---------------+-------------------------+-----
Fighting       | 7 8 14 | 14.3
Shields        | 7 12 13 | 13.0
Staves         | |  2.0
Armour         | |  3.2

Action                   |  1- 3 |  4- 6 |  7- 9 || total
-------------------------+-------+-------+-------++-------
Melee: Quarterstaff      |     8 |    27 |    42 ||    77
  Use: Potion            |       |     1 |     1 ||     2
Armor: Scale mail        |     4 |     3 |     8 ||    15
Dodge: Dodged            |     2 |     4 |    12 ||    18
Block: Shield            |     2 |     8 |    23 ||    33

Table legend:
 A = Non-vault XP
 B = Vault XP
 C = Vault XP percentage of total XP
 D = Non-vault monster count
 E = Vault monster count
 F = Vault count percentage of total count
                 A         B        C        D         E       F
            +---------+---------+-------+---------+---------+-------
      Total |       0 |    1344 | 100.0 |       0 |       9 | 100.0
            +---------+---------+-------+---------+---------+-------
          D |       0 |    1344 | 100.0 |       0 |       9 | 100.0
            +---------+---------+-------+---------+---------+-------
